Unix NetHack Version 5.0.0-0 post-release - last build May 10 2026 23:12:36 (d1fa5d53e341ca933230fdaa984d921c805b60aa,branch:main).

Game began 2026-05-12 00:43:22, ended 2026-05-12 23:33:29.

Hareimo, chaotic male human Wizard

   -.----
   |.....         --------      ---------------
   ||...|         |......|      |..............        ----------
   |..(..###      |....*..###   ..............|        |........|
   |....|  ##     |..*...|##   #|.............|        +........|
   ------   ######.*...... #####....<.........|        |........|
                  -------- #   #|.............|        |........|
                       #   #    ---+-----------        |........|
                       #####   ######          ########|........|
                          ###########                 #---.------
                          #         ####              ########
                       ####       ----.--+--          #      #####f@p   .....|
                      ##          |........|         ##
                                  |.>.......##      ##
                                  |........| #####--|-------
                                  ----------     #..........
                                                  |........|
                                                  |........|
                                                  ----------

Hareimo the Conjurer      St:13 Dx:13 Co:12 In:18 Wi:12 Ch:9  Chaotic
Dlvl:7  $:287 HP:0(31) Pw:55(57) AC:6  Xp:5 T:3567 

Latest messages:
 You hear a jackal howling at the moon.
 You stop.  Your kitten is in the way!
 You miss the iguana.
 The iguana bites!
 You hit the iguana.
 The iguana bites!
 You miss the iguana.
 The iguana bites!
 You hit the iguana.
 You miss the iguana.
 You miss the iguana.
 The iguana bites!
 In what direction? 9
 The spell hits the iguana!
 The spell hits the floating eye!
 You kill the floating eye!
 The iguana bites!
 You hit the iguana.
 The iguana bites!
 You hit the iguana.
 In what direction? 9
 The spell hits the iguana!
 You kill the iguana!
 There is a doorway here.
 You see here an iguana corpse.
 Your kitten eats an iguana corpse.
 Your kitten eats a floating eye corpse.
 You see here a magenta potion.
 The kitten picks up a gem.
 j - a magenta potion.
 The kitten drops a gem.
 You see here 25 gold pieces.
 $ - 25 gold pieces (287 in total).
 The kitten picks up an orange gem.
 The kitten drops an orange gem.
 The kitten picks up an orange gem.
 You find a hidden passage.
 The iron piercer bites!
 You miss the iron piercer.
 You miss the iron piercer.
 You miss the iron piercer.
 You hit the iron piercer.
 You miss the iron piercer.
 You miss the iron piercer.
 You miss the iron piercer.
 The iron piercer bites!
 You miss the iron piercer.
 The iron piercer bites!
 You die...
 Do you want your possessions identified? [ynq] (y) q

Inventory:
 Coins    ('$')
  $ - 287 gold pieces
 Weapons  (')')
  u - a +0 dagger
  w - 3 +0 orcish daggers (wielded)
  a - a blessed +1 quarterstaff
 Armor    ('[')
  D - an uncursed +0 orcish helm (being worn)
  b - an uncursed +0 cloak of magic resistance (being worn)
  p - an uncursed +0 leather armor (being worn)
 Comestibles  ('%')
  K - 3 uncursed slime molds
  J - 2 uncursed food rations
  o - 2 uncursed pancakes
 Scrolls  ('?')
  v - an uncursed scroll of confuse monster
  A - an uncursed scroll of identify
  m - a cursed scroll of identify
  i - an uncursed scroll of remove curse
  t - an uncursed scroll of scare monster named 38 scared
 Potions  ('!')
  B - a cursed potion of confusion
  j - an uncursed potion of gain ability
  f - 2 blessed potions of healing
  x - 2 uncursed potions of healing
  g - a cursed potion of healing
 Rings    ('=')
  d - an uncursed ring of conflict
  h - an uncursed ring of sustain ability
  y - an uncursed ring of teleport control
  e - an uncursed ring of teleportation
 Wands    ('/')
  I - a wand of cancellation (0:5)
  c - a blessed wand of cold (0:7)
  F - a wand of digging (0:6)
  O - a wand of speed monster (0:6)
  r - a wand of undead turning named nadda (0:5)
 Tools    ('(')
  n - a magic marker (0:19)
  R - an uncursed pair of lenses (being worn)

Hareimo the Wizard's attributes:

Background:
 You were a Conjurer, a level 5 male human Wizard.
 You were chaotic, on a mission for Anhur
 who was opposed by Ptah (lawful) and Thoth (neutral).
 You were right-handed.
 You were in the Dungeons of Doom, on level 7.
 You entered the dungeon 3567 turns ago.
 It was nighttime.
 You had 191 experience points, 129 more were needed to attain level 6.

Basics:
 You had 0 out of 31 hit points.
 You had 55 out of 57 energy points (spell power).
 Your armor class was 6.
 Your wallet contained 287 zorkmids.
 Autopickup was off.

Final Characteristics:
 Your strength was 13 (limit:18/100).
 Your dexterity was 13 (limit:18).
 Your constitution was 12 (limit:18).
 Your intelligence was 18 (limit:18).
 Your wisdom was 12 (limit:18).
 Your charisma was 9 (limit:18).

Final Status:
 You weren't hungry.
 You were unencumbered.
 You were wielding daggers.
 You were unskilled in dagger.

Final Attributes:
 You were piously aligned.
 You were magic-protected.
 You were warded.
 You were unlucky.
 You are dead.

Miscellaneous:
 You didn't encounter any bones levels.
 Total elapsed playing time was 50 minutes and 53 seconds.

Major events:
 Turn
    1: Hareimo the chaotic male human Wizard entered the dungeon
 1934: attained the rank of Conjurer (level 3)
 2312: entered the Gnomish Mines
 3567: killed by an iron piercer

Spells:
 Name                 Level Category     Fail Retention
 force bolt             1   attack         0%   81%-90%
 cure sickness          3   healing       92%  76%-100%

Skills:
 Fighting Skills
   bare handed combat [Unskilled]
   riding             [Unskilled]
 Weapon Skills
   dagger             [Unskilled]
   knife              [Unskilled]
   axe                [Unskilled]
   short sword        [Unskilled]
   club               [Unskilled]
   mace               [Unskilled]
   quarterstaff       [Basic]
   polearms           [Unskilled]
   spear              [Unskilled]
   trident            [Unskilled]
   sling              [Unskilled]
   dart               [Unskilled]
   shuriken           [Unskilled]
 Spellcasting Skills
   attack spells      [Basic]
   healing spells     [Unskilled]
   divination spells  [Unskilled]
   enchantment spells [Basic]
   clerical spells    [Unskilled]
   escape spells      [Unskilled]
   matter spells      [Unskilled]

Voluntary challenges:
 Character rerolling was not enabled.
 You never genocided any monsters.
 You never polymorphed an object.
 You never changed form.
 You used no wishes.
Achievements:
 You entered a shop.
 You attained the rank of Conjurer.
 You entered the Gnomish Mines.

 The Dungeons of Doom: levels 1 to 8
    Level 1:
       A fountain.
    Level 2:
       A fountain.
    Level 3: "stash"
       A general store.
    Level 4:
       Stairs down to The Gnomish Mines.
    Level 5:
       An altar.
    Level 6:
       A fountain.
    Level 7: <- You were here.
       A grave.
       Final resting place for
          you, killed by an iron piercer.
    Level 8:
 The Gnomish Mines:
    Level 5:


Vanquished creatures:
  a leprechaun
  a water nymph
  a yellow light
  a shrieker
  a floating eye
  2 homunculi
  a rothe
 an orc zombie
  4 iguanas
 an acid blob
  a gas spore
  3 hobbits
  2 gnomes
  3 gnome zombies
  2 geckos
  8 jackals
  2 foxes
  a kobold
  3 goblins
  2 sewer rats
  a grid bug
  4 lichens
  a kobold zombie
  7 newts
54 creatures vanquished.

No species were genocided or became extinct.

Game over:
                       ----------
                      /          \
                     /    REST    \
                    /      IN      \
                   /     PEACE      \
                  /                  \
                  |     Hareimo      |
                  |      287 Au      |
                  |   killed by an   |
                  |   iron piercer   |
                  |                  |
                  |                  |
                  |       2026       |
                 *|     *  *  *      | *
        _________)/\\_//(\/(/\)/\//\/|_)_______

Goodbye Hareimo the Wizard...

You died in The Dungeons of Doom on dungeon level 7 with 1383 points,
and 287 pieces of gold, after 3567 moves.
You were level 5 with a maximum of 31 hit points when you died.

